 Dungeon Crawl Stone Soup version 0.27.1-4-g1640c2035a (webtiles) character file.

Game seed: 14374128417986818315

974 pkoi the Blocker (level 7, -2/59 HPs)
             Began as a Minotaur Fighter on Nov 9, 2021.
             Was an Initiate of Ashenzari.
             Slain by an ogre (11 damage)
             ... on level 5 of the Dungeon.
             The game lasted 00:05:23 (4405 turns).

pkoi the Blocker (Minotaur Fighter)                 Turns: 4405, Time: 00:05:24

Health: -2/59      AC:  9    Str: 23    XL:     7   Next: 95%
Magic:  6/6        EV:  8    Int:  5    God:    Ashenzari [......]
Gold:   207        SH: 11    Dex:  9    Spells: 6/6 levels left

rFire    . . .     SeeInvis .   n - +3 scimitar
rCold    . . .     Faith    .   c - +0 kite shield
rNeg     . . .     Spirit   .   b - +0 scale mail
rPois    .         Reflect  .   (helmet restricted)
rElec    .         Harm     .   p - +0 cloak
rCorr    .         Rampage  .   i - +0 pair of gloves of Ashenzari's Shame {Self, Cun} (curse)
Will     .....                  (no boots)
Stlth    ..........             (no amulet)
HPRegen  0.19/turn              (no ring)
MPRegen  0.10/turn              (no ring)

@: no status effects
A: horns 2, retaliatory headbutt
a: Renounce Religion, Curse Item, Shatter the Chains


You were on level 5 of the Dungeon.
You worshipped Ashenzari.
Ashenzari was noncommittal.
You visited 2 branches of the dungeon, and saw 6 of its levels.

You collected 207 gold pieces.

Inventory:

Hand Weapons
 a - a +0 long sword
 n - a +3 scimitar (weapon)
Armour
 b - a +0 scale mail (worn)
 c - a +0 kite shield (worn)
 i - the cursed +0 pair of gloves of Ashenzari's Shame (worn) {Self, Cun}
   (You found it on level 2 of the Dungeon)

   It has a curse which improves the following skills: Introspection: Fighting
   and Spellcasting.
   Cunning:   Dodging and Stealth.
 p - a +0 cloak (worn)
Jewellery
 l - a ring of ice
 q - a +4 ring of protection
Scrolls
 f - a scroll of amnesia
 j - a scroll of blinking
 o - 3 scrolls of enchant armour
Potions
 d - 2 potions of might
 e - 9 potions of curing
 g - 3 potions of cancellation
 h - 2 potions of heal wounds
 k - a potion of invisibility
 m - a potion of magic


   Skills:
 - Level 3.6(4.1) Fighting
 + Level 8.1 Long Blades
 - Level 3.6 Armour
 + Level 8.6 Shields


You had 6 spell levels left.
You didn't know any spells.
Your spell library contained the following spells:

 Spells                   Type           Power      Damage    Failure   Level
 Slow                     Hex            0%         N/A       99%         2
 Confusing Touch          Hex            0%         N/A       100%        3
 Vampiric Draining        Necr           0%         2d6       100%        3


Dungeon Overview and Level Annotations

Branches:
Dungeon (5/15)             Temple (1/1) D:5

Altars:
Ashenzari
Fedhas
Gozag
Hepliaklqana
Kikubaaqudgha
Okawaru
Qazlal
Sif Muna
Trog
Vehumet
Wu Jian
Xom
Yredelemnul
Zin
The Shining One

Shops:
D:3 :   D:4 ?[[*


Innate Abilities, Weirdness & Mutations

You have a pair of horns on your head.
You reflexively headbutt those who attack you in melee.


Message History

Reactivating autopickup.
You feel a bit more experienced.
You feel less confused.
Things that are here:
a +0 dagger; a +0 robe
Things that are here:
a +0 dagger; a +0 robe
Items here: )) [ †.
Things that are here:
a +0 club; a +0 leather armour; an orc corpse
Found a potion of curing.
e - 9 potions of curing (gained 1)
You open the door.
There is an open door here.
Found a glowing bone ring.
q - a +4 ring of protection You open the door.
A sky beast and an ogre come into view.
Found an agate ring.
The ogre shouts!
The ogre hits you with a +0 giant club!!
There is an open door, spattered with blood here.
There are monsters nearby!
There are monsters nearby!
You slash the ogre!
The ogre is moderately wounded.
The ogre hits you with a +0 giant club!!
* * * LOW HITPOINT WARNING * * *
The sky beast flickers out of sight!
Deactivating autopickup; reactivate with Ctrl-A.
You barely miss the ogre.
The ogre is moderately wounded.
You block the ogre's attack.
You slash the ogre! You headbutt the ogre.
The ogre is severely wounded.
Something hits you but does no damage. You block the ogre's attack.
Your shield and scale mail prevent you from hitting the ogre.
The ogre is severely wounded.
Something hits you but does no damage. The ogre hits you with a +0 giant club!
You die...

#.##.##..# .
....###'###### .
...#.###...#.###.#
#..##.##.#.#....#
#..# #.#.#...##.#
...###.#.##...#.#
......##....#.#.#
.#.####.###.#...##
.#.# . ######@#
.#.# . #O{# .#.#
#.## .#.# .. .#.#
#.# .#.# =. ##.#
### ##.# ...#


You could see an ogre.

Vanquished Creatures
  A water moccasin zombie (D:5)
  3 scorpions (D:4)
  3 wights (D:4)
  A centaur zombie (D:5)
  4 crimson imps (D:4)
  3 orc priests (D:4)
  Crazy Yiuf (D:4)
  A centaur skeleton (D:5)
  A hound (D:5)
  3 iguanas
  An orc wizard (D:5)
  9 adders
  A dart slug (D:2)
  15 orcs
  4 endoplasms
  6 goblins
  5 hobgoblins
  7 kobolds
  4 quokkas
  9 ball pythons
  3 bats
  3 frilled lizards
  5 rats
93 creatures vanquished.

Notes
Turn   | Place    | Note
-------+----------+-------------------------------------------
     0 | D:1      | pkoi the Minotaur Fighter began the quest for the Orb.
     0 | D:1      | Reached XP level 1. HP: 19/19 MP: 0/0
   342 | D:1      | Reached XP level 2. HP: 21/26 MP: 1/1
   403 | D:1      | Found a faded altar of an unknown god.
   413 | D:1      | Became a worshipper of Ashenzari the Shackled
  1090 | D:2      | Reached XP level 3. HP: 31/31 MP: 2/2
  1810 | D:3      | Found Ilirphuugh's Book Shop.
  1820 | D:3      | Reached skill level 5 in Shields
  1820 | D:3      | Reached XP level 4. HP: 39/39 MP: 3/3
  1930 | D:3      | Found an ornate altar of the Wu Jian Council.
  1936 | D:3      | Found a shimmering blue altar of Sif Muna.
  2218 | D:4      | Found Juhint's Magic Scroll Shoppe.
  2222 | D:4      | Noticed a scorpion
  2229 | D:4      | Killed a scorpion
  2230 | D:4      | Reached skill level 5 in Long Blades
  2230 | D:4      | Reached XP level 5. HP: 40/46 MP: 4/4
  2541 | D:4      | Reached XP level 6. HP: 34/52 MP: 5/5
  2872 | D:4      | Found a runed translucent door.
  2873 | D:4      | Noticed Crazy Yiuf
  2903 | D:4      | Found Kisuk's Antique Armour Emporium.
  3016 | D:4      | Found a bloodstained altar of Trog.
  3082 | D:4      | Found a shimmering altar of Xom.
  3092 | D:4      | Reached XP level 7. HP: 58/59 MP: 6/6
  3191 | D:4      | Found Folamach's Assorted Antiques.
  3540 | D:4      | Found Tinely's Antique Armour Shop.
  3895 | D:4      | Killed Crazy Yiuf
  3924 | D:5      | Entered Level 5 of the Dungeon
  3954 | D:5      | Found a staircase to the Ecumenical Temple.
  3978 | Temple   | Entered the Ecumenical Temple
  4198 | D:5      | Found a hazy altar of Hepliaklqana.
  4405 | D:5      | Slain by an ogre

Illustrated notes

Levels and vault maps discovered:
D:1:      eino_arrival_cavern_b, layout_basic, serial_curves, eino_curves_01,
          eino_curves_04, eino_curves_04, basic_ecumenical_altar
D:2:      layout_rooms
D:3:      layout_basic, minitemple, serial_shops, shop, kennysheep_potato
D:4:      layout_loops_ring, trog_butcher_becter, led_xom_imps, serial_shops,
          shop, shop, nicolae_shop_statue_plus, shop, uniq_crazy_yiuf_cottage
D:5:      layout_loops_ring, mainiacjoe_overflow_brackets,
          mainiacjoe_overflow_swirl, minmay_temple_entry_drinking_statues,
          nzn_random_ring
Temple:   nicolae_temple_figure_zero

Skill      XL: |  1  2  3  4  5  6  7 |
---------------+----------------------+-----
Shields        | 4 5 6 7 8 |  8.6
Long Blades    | 3 4 5 6 8 |  8.1
Fighting       | |  3.6
Armour         | |  3.6

Action                   |  1- 3 |  4- 6 |  7- 9 || total
-------------------------+-------+-------+-------++-------
Melee: Long sword        |    76 |    37 |       ||   113
       Headbutt          |    17 |    16 |    17 ||    50
       Scimitar          |       |    42 |    80 ||   122
Invok: Curse Item        |       |     1 |       ||     1
Armor: Scale mail        |    30 |    25 |    27 ||    82
Dodge: Dodged            |    22 |    21 |    21 ||    64
Block: Kite shield       |    38 |    45 |    43 ||   126
       Rpst.: Long sword |     6 |     2 |       ||     8
       Scimitar          |       |     5 |     5 ||    10
